 Dungeon Crawl Stone Soup version 0.22-a0-322-g60b3cfd (webtiles) character file.

51 xccam the Chopper (level 4, 0/35 HPs)
             Began as a Formicid Fighter on Apr 2, 2018.
             Slain by an orc priest
             ... wielding a +0 club
              (5 damage)
             ... on level 3 of the Dungeon.
             The game lasted 00:02:42 (1607 turns).

xccam the Chopper (Formicid Fighter)                Turns: 1607, Time: 00:02:43

Health: 0/35       AC:  8    Str: 26    XL:     4   Next: 7%
Magic:  13/13      EV:  8    Int:  8    God:
Gold:   30         SH: 10    Dex: 10    Spells: 3/3 levels left

rFire    . . .     SeeInvis +   a - +0 war axe
rCold    . . .     Gourm    .   c - +0 shield
rNeg     . . .     Faith    .   b - +0 scale mail
rPois    .         Spirit   .   (helmet unavailable)
rElec    .         Reflect  .   (no cloak)
rCorr    .         Harm     .   (no gloves)
MR       .....                  o - +0 pair of boots
Stlth    ..........             (no amulet)
HPRegen  0.11/turn              q - ring of magical power
MPRegen  0.13/turn              (no ring)

@: mighty
A: permanent stasis, dig shafts and tunnels, four strong arms, antennae 3
a: Dig, Shaft Self


You were on level 3 of the Dungeon.
You were very hungry.

You visited 1 branch of the dungeon, and saw 3 of its levels.

You collected 30 gold pieces.

Inventory:

Hand Weapons
 a - a +0 war axe (weapon)
Armour
 b - a +0 scale mail (worn)
 c - a +0 shield (worn)
 o - a +0 pair of boots (worn)
Jewellery
 q - a ring of magical power (left hand)
Scrolls
 g - 4 scrolls of teleportation {unknown}
 h - a scroll of enchant weapon {unknown}
 i - 2 scrolls of identify {unknown}
 l - a scroll of remove curse {unknown}
 m - a scroll of fog {unknown}
 n - a scroll of magic mapping {unknown}
 p - 3 scrolls of amnesia {unknown}
 s - a scroll of enchant armour {unknown}
 t - a scroll of blinking {unknown}
Potions
 e - a potion of lignification {unknown}
 j - a potion of curing {unknown}
 k - 2 potions of agility {unknown}
 r - a potion of mutation {unknown}
Comestibles
 f - 7 rations


   Skills:
 - Level 3.2 Fighting
 + Level 4.0 Axes
 - Level 3.2 Armour
 - Level 3.6 Shields


You had 3 spell levels left.
You didn't know any spells.

Dungeon Overview and Level Annotations

Branches:
Dungeon (3/15)

Altars:
Dithmenos

Annotations:
D:3 TheNamelessOne's ghost, amateur OpTm


Innate Abilities, Weirdness & Mutations

You cannot be hasted, slowed, berserked, paralysed or teleported.
You can dig through walls and to a lower floor.
Your four strong arms can wield two-handed weapons with a shield.
You have a pair of large antennae on your head. (SInv)


Message History

An orc comes into view. It is wielding a mace.
You barely miss TheNamelessOne's ghost.
Your shield and scale mail prevent you from hitting the rat.
The rat barely misses you.
You block TheNamelessOne's ghost's attack.
The rat barely misses you.
An orc comes into view. It is wielding a mace.
You miss TheNamelessOne's ghost. You slash the rat!
You kill the rat!
You slash the orc!
You kill the orc!
TheNamelessOne's ghost hits you but does no damage.
The orc priest hits you but does no damage.
An orc comes into view. It is wielding a club.
You barely miss TheNamelessOne's ghost.
The orc shouts!
You slash the orc priest! TheNamelessOne's ghost hits you.
* * * LOW HITPOINT WARNING * * *
The orc priest hits you with a club.
You die...

.# ###..##.....##
##.# #.###..#..# ...#
#.##..## ..## ...#
#.....## .... ##.#
#########.#...#...#.
<#
....................#
.#
.............#......#
.#
.............#.#.#..#
.# ......W@.........#
## .#
......o)....####.# ##
............# ..
.........!..# .
...o........#
.....o........
...........##..
..o........# ..


You could see an orc priest, TheNamelessOne's ghost and 3 orcs.

Vanquished Creatures
  An adder (D:2)
  A dart slug (D:1)
  A leopard gecko (D:1)
  An orc (D:3)
  4 bats
  4 giant cockroaches
  5 goblins (D:1)
  5 hobgoblins
  2 jackals (D:1)
  5 frilled lizards
  2 kobolds (D:2)
  6 rats
  10 plants (D:1)
47 creatures vanquished.

Notes
Turn   | Place    | Note
-------+----------+-------------------------------------------
     0 | D:1      | xccam the Formicid Fighter began the quest for the Orb.
     0 | D:1      | Reached XP level 1. HP: 18/18 MP: 1/1
   229 | D:1      | Reached XP level 2. HP: 22/24 MP: 2/2
   326 | D:1      | Reached skill level 3 in Axes
   486 | D:1      | Reached XP level 3. HP: 29/29 MP: 3/3
  1368 | D:2      | Reached skill level 4 in Axes
  1368 | D:2      | Reached XP level 4. HP: 34/35 MP: 4/4
  1587 | D:3      | Found a shadowy altar of Dithmenos.
  1599 | D:3      | Noticed TheNamelessOne's ghost (amateur OpTm)
  1607 | D:3      | Slain by an orc priest

Vault maps used:
D:1:      roderic_dead_forest, st_stairs_5, wad_woods_river_04,
          minmay_tetromino_l2
D:2:      first_ration
D:3:      nicolae_overflow_crystal_walls, nicolae_dithmenos_shadow_blocks,
          uniq_sigmund

Skill      XL: |  1  2  3 |
---------------+----------+-----
Axes           | 3 4 |  4.0
Fighting       | |  3.2
Armour         | |  3.2
Shields        | |  3.6

Action                   |  1- 3 |  4- 6 || total
-------------------------+-------+-------++-------
Melee: War axe           |   299 |     9 ||   308
  Use: Potion            |       |     1 ||     1
  Eat: Chunk             |     2 |       ||     2
Armor: Scale mail        |    62 |     2 ||    64
Dodge: Dodged            |    34 |     4 ||    38
Block: Shield            |    87 |     7 ||    94

Table legend:
 A = Spawn XP
 B = Non-spawn XP
 C = Spawn XP percentage of total XP
 D = Spawn monster count
 E = Non-spawn monster count
 F = Spawn count percentage of total count
 G = Total turns spent on level
                    A         B        C        D         E        F      G
               +---------+---------+-------+---------+---------+-------+---------
         Total |       0 |      74 |   0.0 |       0 |      37 |   0.0 |  1607
               +---------+---------+-------+---------+---------+-------+---------
           D:1 |       0 |      33 |   0.0 |       0 |      17 |   0.0 |   937
           D:2 |       0 |      36 |   0.0 |       0 |      17 |   0.0 |   599
           D:3 |       0 |       5 |   0.0 |       0 |       3 |   0.0 |    71
               +---------+---------+-------+---------+---------+-------+---------
